TOP OF THE 1ST |
Montgomery Biscuits batting - Pitching for Wichita Wranglers : LHP Jesús Martínez
|
Pitching: LHP Jesús Martínez
|
|
Batting: RHB Gabriel Miranda
|
0-0: Called Strike 0-1: Swinging Strike 0-2: Ball 1-2: Fly out, F4 (Line Drive, 4)
|
Batting: RHB Orlando Sánchez
|
0-0: Called Strike 0-1: Foul Ball, location: 2F 0-2: Strikes out swinging
|
Batting: LHB Ben Kelley
|
0-0: Swinging Strike 0-1: Foul Ball, location: 2F 0-2: Ball 1-2: Ground out 3-1 (Groundball, 34)
|
Top of the 1st over - 0 run(s), 0 hit(s), 0 error(s), 0 left on base; Montgomery 0 - Wichita 0 |
BOTTOM OF THE 1ST |
Wichita Wranglers batting - Pitching for Montgomery Biscuits : RHP César Morín
|
Pitching: RHP César Morín
|
|
Batting: RHB Cho-yun Qiao
|
0-0: Swinging Strike 0-1: Swinging Strike 0-2: Strikes out swinging
|
Batting: LHB Jesús Tobías
|
0-0: Ball 1-0: Ball 2-0: Called Strike 2-1: Foul Ball, location: 2F 2-2: Foul Ball, location: 2F 2-2: DOUBLE (Flyball, 7LS)
|
Batting: RHB Bob Hall
|
0-0: Ball 1-0: Called Strike 1-1: Ball 2-1: Ball 3-1: Called Strike 3-2: Foul Ball, location: 2F 3-2: Foul Ball, location: 2F 3-2: Base on Balls
|
Batting: RHB George Clark
|
0-0: Foul Ball, location: 2F 0-1: Ball 1-1: Ball 2-1: Ball 3-1: Foul Ball, location: 2F 3-2: Foul Ball, location: 2F 3-2: Base on Balls Jesús Tobías to third Bob Hall to second
|
Batting: RHB Luis Sánchez
|
0-0: Fly out, F8 (Flyball, 8LM) Runner from 3rd tags up, SCORES, no throw
|
Batting: RHB Jesús Ibarra
|
0-0: Ball 1-0: Called Strike 1-1: Ball Wild Pitch! Bob Hall to third George Clark to second 2-1: Ground out 5-3 (Groundball, 56)
|
Bottom of the 1st over - 1 run(s), 1 hit(s), 0 error(s), 2 left on base; Montgomery 0 - Wichita 1 |
TOP OF THE 2ND |
Montgomery Biscuits batting - Pitching for Wichita Wranglers : LHP Jesús Martínez
|
Batting: RHB Jean-Paul St-Pierre
|
0-0: Called Strike 0-1: Ball 1-1: Ball 2-1: DOUBLE (Flyball, 78XD)
|
Batting: RHB Dave Dawson
|
0-0: Ground out 6-3 (Groundball, 6M) Jean-Paul St-Pierre to third
|
Batting: RHB Vicente Carona
|
0-0: Ball 1-0: SINGLE (Groundball, 5L) Jean-Paul St-Pierre scores
|
Batting: RHB Collin Smith
|
0-0: Ball 1-0: Swinging Strike 1-1: Called Strike 1-2: Ball 2-2: Strikes out swinging
|
Batting: RHB Juan Flores
|
0-0: Ball 1-0: Ball 2-0: Called Strike 2-1: Foul Ball, location: 2F 2-2: Foul Ball, location: 2F 2-2: Foul Ball, location: 2F 2-2: Ball 3-2: Base on Balls Vicente Carona to second
|
Batting: RHB Pete Smith
|
0-0: Ball 1-0: Foul Ball, location: 2F 1-1: Ball 2-1: Ball 3-1: SINGLE (Line Drive, 5D) Vicente Carona to third Juan Flores to second
|
Batting: RHB Gabriel Miranda
|
0-0: Ball 1-0: Called Strike 1-1: Ball 2-1: Called Strike 2-2: Ball 3-2: SINGLE (Groundball, 13) (infield hit) Vicente Carona scores Juan Flores to third Pete Smith to second
|
Batting: RHB Orlando Sánchez
|
0-0: Ball 1-0: Ball 2-0: Ball 3-0: Called Strike 3-1: Ground out 5-3 (Groundball, 56S)
|
Top of the 2nd over - 2 run(s), 4 hit(s), 0 error(s), 3 left on base; Montgomery 2 - Wichita 1 |
BOTTOM OF THE 2ND |
Wichita Wranglers batting - Pitching for Montgomery Biscuits : RHP César Morín
|
Batting: RHB Don Thomas
|
0-0: SINGLE (Groundball, 56D)
|
Batting: LHB Mario Cornelo
|
0-0: Called Strike 0-1: Foul Ball, location: 2F 0-2: Ball 1-2: Strikes out swinging
|
Batting: RHB Jim Beck
|
0-0: Ball 1-0: Called Strike 1-1: Called Strike 1-2: Ball 2-2: Ball Wild Pitch! Don Thomas to second 3-2: Base on Balls
|
Batting: RHB Cho-yun Qiao
|
0-0: Ball 1-0: Ball 2-0: Ball 3-0: Called Strike 3-1: Ground out 5-3 (Groundball, 5S) Don Thomas to third Jim Beck to second
|
Batting: LHB Jesús Tobías
|
0-0: Called Strike 0-1: Ball 1-1: Called Strike 1-2: Ball 2-2: Foul Ball, location: 2F 2-2: Ball 3-2: SINGLE (Line Drive, 89S) Don Thomas scores Jim Beck to third Jim Beck scores
|
Batting: RHB Bob Hall
|
0-0: Foul Ball, location: 2F 0-1: Ball 1-1: Called Strike 1-2: Ball 2-2: Ball 3-2: Strikes out looking
|
Bottom of the 2nd over - 2 run(s), 2 hit(s), 0 error(s), 1 left on base; Montgomery 2 - Wichita 3 |
TOP OF THE 3RD |
Montgomery Biscuits batting - Pitching for Wichita Wranglers : LHP Jesús Martínez
|
Batting: LHB Ben Kelley
|
0-0: Ball 1-0: Swinging Strike 1-1: Ball 2-1: Ball 3-1: Base on Balls
|
Batting: RHB Jean-Paul St-Pierre
|
0-0: Ball 1-0: Called Strike 1-1: Ball 2-1: Ground out 5-3 (Groundball, 5S) Ben Kelley to second
|
Batting: RHB Dave Dawson
|
0-0: Ball 1-0: Called Strike 1-1: Ball 2-1: Foul Ball, location: 2F 2-2: Ball 3-2: Base on Balls
|
Batting: RHB Vicente Carona
|
0-0: Ball 1-0: Swinging Strike 1-1: Foul Ball, location: 2F 1-2: Ball 2-2: Ball 3-2: Base on Balls Ben Kelley to third Dave Dawson to second
|
Batting: RHB Collin Smith
|
0-0: Fielders Choice at 2nd, 6-4 (Groundball, 6M) Ben Kelley scores Dave Dawson to third
|
Batting: RHB Juan Flores
|
0-0: Ball 1-0: Fly out, F9 (Flyball, 89M)
|
Top of the 3rd over - 1 run(s), 0 hit(s), 0 error(s), 2 left on base; Montgomery 3 - Wichita 3 |
BOTTOM OF THE 3RD |
Wichita Wranglers batting - Pitching for Montgomery Biscuits : RHP César Morín
|
Batting: RHB George Clark
|
0-0: Fly out, F6 (Line Drive, 6)
|
Batting: RHB Luis Sánchez
|
0-0: Ball 1-0: Called Strike 1-1: Ground out 5-3 (Groundball, 5L)
|
Batting: RHB Jesús Ibarra
|
0-0: Called Strike 0-1: Fly out, F8 (Flyball, 8RM)
|
Bottom of the 3rd over - 0 run(s), 0 hit(s), 0 error(s), 0 left on base; Montgomery 3 - Wichita 3 |
TOP OF THE 4TH |
Montgomery Biscuits batting - Pitching for Wichita Wranglers : LHP Jesús Martínez
|
Batting: RHB Pete Smith
|
0-0: SINGLE (Line Drive, 89M)
|
Batting: RHB Gabriel Miranda
|
0-0: Called Strike
|
|
|
|
0-1: Ball 1-1: Ball 2-1: Called Strike 2-2: Foul Ball, location: 2F 2-2: Ball Pete Smith is caught stealing 2nd base 3-2: Base on Balls
|
Batting: RHB Orlando Sánchez
|
0-0: Fly out, F3 (Popup, 34)
|
Batting: LHB Ben Kelley
|
0-0: Called Strike Gabriel Miranda steals 2nd base 0-1: Called Strike 0-2: Foul Ball, location: 2F 0-2: Ground out 6-3 (Groundball, 6)
|
Top of the 4th over - 0 run(s), 1 hit(s), 0 error(s), 1 left on base; Montgomery 3 - Wichita 3 |
BOTTOM OF THE 4TH |
Wichita Wranglers batting - Pitching for Montgomery Biscuits : RHP César Morín
|
Batting: RHB Don Thomas
|
0-0: Ball 1-0: Reached on error, E5 (Groundball, 56S)
|
Batting: LHB Mario Cornelo
|
0-0: Ball 1-0: Ball 2-0: Called Strike 2-1: Foul Ball, location: 2F 2-2: Foul Ball, location: 2F 2-2: Reached on error, E6 (Groundball, 6M) Don Thomas to second
|
Batting: RHB Jim Beck
|
0-0: Swinging Strike 0-1: Fly out, F8 (Flyball, 8LM)
|
Batting: RHB Cho-yun Qiao
|
0-0: Called Strike 0-1: Foul Ball, location: 2F 0-2: Ball 1-2: Ball 2-2: Ball 3-2: SINGLE (Line Drive, 7S) Don Thomas to third Mario Cornelo to second
|
Batting: LHB Jesús Tobías
|
0-0: Ball 1-0: Called Strike 1-1: Fly out, F9 (Flyball, 9M) Runner from 3rd tags up, SCORES, throw made
|
Batting: RHB Bob Hall
|
0-0: Called Strike 0-1: Ball 1-1: Fly out, F9 (Flyball, 89S)
|
Bottom of the 4th over - 1 run(s), 1 hit(s), 2 error(s), 2 left on base; Montgomery 3 - Wichita 4 |
TOP OF THE 5TH |
Montgomery Biscuits batting - Pitching for Wichita Wranglers : LHP Jesús Martínez
|
Batting: RHB Jean-Paul St-Pierre
|
0-0: Called Strike 0-1: Foul Ball, location: 2F 0-2: Strikes out swinging
|
Batting: RHB Dave Dawson
|
0-0: Foul Ball, location: 2F 0-1: Foul Ball, location: 2F 0-2: Ball 1-2: Strikes out looking
|
Batting: RHB Vicente Carona
|
0-0: Foul Ball, location: 2F 0-1: Ball 1-1: Called Strike 1-2: Ground out 5-3 (Groundball, 56S)
|
Top of the 5th over - 0 run(s), 0 hit(s), 0 error(s), 0 left on base; Montgomery 3 - Wichita 4 |
BOTTOM OF THE 5TH |
Wichita Wranglers batting - Pitching for Montgomery Biscuits : RHP César Morín
|
Batting: RHB George Clark
|
0-0: Called Strike 0-1: Called Strike 0-2: Foul Ball, location: 2F 0-2: Strikes out swinging
|
Batting: RHB Luis Sánchez
|
0-0: Fly out, F7 (Flyball, 7M)
|
Batting: RHB Jesús Ibarra
|
0-0: Called Strike 0-1: Ball 1-1: Ball 2-1: Ball 3-1: Base on Balls
|
Pitching: LHP Steve Billington
|
|
Batting: RHB Don Thomas
|
0-0: Ball 1-0: Called Strike 1-1: Swinging Strike 1-2: Ball 2-2: Ball 3-2: Strikes out swinging
|
Bottom of the 5th over - 0 run(s), 0 hit(s), 0 error(s), 1 left on base; Montgomery 3 - Wichita 4 |
TOP OF THE 6TH |
Montgomery Biscuits batting - Pitching for Wichita Wranglers : LHP Jesús Martínez
|
Pitching: RHP Pat Ellis
|
|
Batting: RHB Collin Smith
|
0-0: Foul Ball, location: 2F 0-1: Foul Ball, location: 2F 0-2: Ball 1-2: Strikes out swinging
|
Batting: RHB Juan Flores
|
0-0: Called Strike 0-1: Swinging Strike 0-2: Ball 1-2: Ball 2-2: SINGLE (Line Drive, 6MD)
|
Batting: RHB Pete Smith
|
0-0: Ball 1-0: Called Strike Balk! Juan Flores to second 1-1: Ball 2-1: Ball 3-1: Foul Ball, location: 2F 3-2: Strikes out swinging
|
Batting: RHB Gabriel Miranda
|
0-0: Ball Passed Ball! Juan Flores to third 1-0: Foul Ball, location: 2F 1-1: Ball 2-1: Ground out 6-3 (Groundball, 6)
|
Top of the 6th over - 0 run(s), 1 hit(s), 0 error(s), 1 left on base; Montgomery 3 - Wichita 4 |
BOTTOM OF THE 6TH |
Wichita Wranglers batting - Pitching for Montgomery Biscuits : LHP Steve Billington
|
Batting: LHB Mario Cornelo
|
0-0: Swinging Strike 0-1: Ball 1-1: Swinging Strike 1-2: Strikes out looking
|
Batting: RHB Jim Beck
|
0-0: Ball 1-0: Foul Ball, location: 2F 1-1: Foul Ball, location: 2F 1-2: Ground out 3-1 (Groundball, 34)
|
Batting: RHB Cho-yun Qiao
|
0-0: Fly out, F7 (Line Drive, 78S)
|
Bottom of the 6th over - 0 run(s), 0 hit(s), 0 error(s), 0 left on base; Montgomery 3 - Wichita 4 |
TOP OF THE 7TH |
Montgomery Biscuits batting - Pitching for Wichita Wranglers : RHP Pat Ellis
|
Batting: RHB Orlando Sánchez
|
0-0: Called Strike 0-1: Ground out 5-3 (Groundball, 56S)
|
Batting: LHB Ben Kelley
|
0-0: Ball 1-0: Called Strike 1-1: Ball 2-1: Foul Ball, location: 2F 2-2: Ground out 6-3 (Groundball, 6)
|
Batting: RHB Jean-Paul St-Pierre
|
0-0: Ball 1-0: Ball 2-0: Ball 3-0: Base on Balls
|
Pinch Hitting: LHB José Flores
|
0-0: Ball 1-0: Foul Ball, location: 2F 1-1: Fly out, F7 (Flyball, 7LMF)
|
Top of the 7th over - 0 run(s), 0 hit(s), 0 error(s), 1 left on base; Montgomery 3 - Wichita 4 |
BOTTOM OF THE 7TH |
Wichita Wranglers batting - Pitching for Montgomery Biscuits : LHP Steve Billington
|
Now at 2B: Dave Williams
|
|
Batting: LHB Jesús Tobías
|
0-0: Ball 1-0: Fly out, F9 (Flyball, 89XD)
|
Batting: RHB Bob Hall
|
0-0: Ball 1-0: Called Strike 1-1: Ball 2-1: Called Strike 2-2: Ball 3-2: Fly out, F9 (Line Drive, 9M)
|
Batting: RHB George Clark
|
0-0: Foul Ball, location: 2F 0-1: Ball 1-1: Fly out, F8 (Flyball, 8LD)
|
Bottom of the 7th over - 0 run(s), 0 hit(s), 0 error(s), 0 left on base; Montgomery 3 - Wichita 4 |
TOP OF THE 8TH |
Montgomery Biscuits batting - Pitching for Wichita Wranglers : RHP Pat Ellis
|
Pitching: RHP Eric Hunt
|
|
Batting: RHB Vicente Carona
|
0-0: Ball 1-0: Fly out, F8 (Flyball, 8LM)
|
Batting: RHB Collin Smith
|
0-0: Ball 1-0: SINGLE (Groundball, 34D)
|
Pinch Hitting: SHB Andrew Curran
|
0-0: SINGLE (Groundball, 34) Collin Smith to second Runner from 2nd tries for 3rd, SAFE, throw made to third
|
Batting: RHB Pete Smith
|
0-0: Ball 1-0: Ball 2-0: Foul Ball, location: 2F 2-1: Fielders Choice at 2nd, 6-4 (Groundball, 6M) Collin Smith scores
|
Batting: RHB Gabriel Miranda
|
0-0: Foul Ball, location: 2F 0-1: Called Strike 0-2: Foul Ball, location: 2F 0-2: Ball 1-2: Foul Ball, location: 2F 1-2: Fly out, F9 (Flyball, 9M)
|
Top of the 8th over - 1 run(s), 2 hit(s), 0 error(s), 1 left on base; Montgomery 4 - Wichita 4 |
BOTTOM OF THE 8TH |
Wichita Wranglers batting - Pitching for Montgomery Biscuits : LHP Steve Billington
|
Pitching: RHP Pedro Valdés
|
|
Now at 2B: Andrew Curran
|
|
Batting: RHB Luis Sánchez
|
0-0: Called Strike 0-1: Ball 1-1: Ball 2-1: Foul Ball, location: 2F 2-2: Foul Ball, location: 2F 2-2: Ball 3-2: SINGLE (Line Drive, 6M)
|
Batting: RHB Jesús Ibarra
|
0-0: Sac Bunt - play at first, batter OUT! 1-4 Luis Sánchez to second
|
Batting: RHB Don Thomas
|
0-0: Foul Ball, location: 2F 0-1: Ball 1-1: Foul Ball, location: 2F 1-2: Ground out 5-3 (Groundball, 56S) Luis Sánchez to third
|
Pinch Hitting: LHB Tom Robinson
|
0-0: Ball 1-0: Ball 2-0: Foul Ball, location: 2F 2-1: Swinging Strike 2-2: Foul Ball, location: 2F 2-2: DOUBLE (Line Drive, 9LS) Luis Sánchez scores
|
Batting: RHB Jim Beck
|
0-0: Foul Ball, location: 2F 0-1: Ball 1-1: Fly out, F5 (Popup, 5F)
|
Bottom of the 8th over - 1 run(s), 2 hit(s), 0 error(s), 1 left on base; Montgomery 4 - Wichita 5 |
TOP OF THE 9TH |
Montgomery Biscuits batting - Pitching for Wichita Wranglers : RHP Eric Hunt
|
Pitching: LHP Tommy Campbell
|
|
Now at 2B: Kyle Nelson
|
|
Batting: RHB Orlando Sánchez
|
0-0: Ball 1-0: Foul Ball, location: 2F 1-1: SINGLE (Groundball, 4MD)
|
Batting: LHB Ben Kelley
|
0-0: Fly out, F7 (Line Drive, 7D)
|
Batting: RHB Jean-Paul St-Pierre
|
0-0: Called Strike 0-1: Ball 1-1: Ball 2-1: Swinging Strike 2-2: Ball 3-2: Foul Ball, location: 2F 3-2: Foul Ball, location: 2F 3-2: Strikes out swinging
|
Pinch Hitting: RHB Larry Mitchell
|
0-0: Ball 1-0: Ball 2-0: Foul Ball, location: 2F 2-1: Foul Ball, location: 2F 2-2: DOUBLE (Line Drive, 8RXD) Orlando Sánchez to third Runner from 3rd tries for Home, SAFE, no throw or cutoff
|
Batting: RHB Vicente Carona
|
0-0: Ball 1-0: Ground out 6-3 (Groundball, 6)
|
Top of the 9th over - 1 run(s), 2 hit(s), 0 error(s), 1 left on base; Montgomery 5 - Wichita 5 |
BOTTOM OF THE 9TH |
Wichita Wranglers batting - Pitching for Montgomery Biscuits : RHP Pedro Valdés
|
Now at 1B: Larry Mitchell
|
|
Batting: RHB Cho-yun Qiao
|
0-0: Called Strike 0-1: Foul Ball, location: 2F 0-2: Foul Ball, location: 2F 0-2: Ball 1-2: Strikes out swinging
|
Batting: LHB Jesús Tobías
|
0-0: Ball 1-0: Ball 2-0: Called Strike 2-1: Ground out U3 (Groundball, 3L)
|
Batting: RHB Bob Hall
|
0-0: Called Strike 0-1: Ball 1-1: Ground out 1-3 (Groundball, 25)
|
Bottom of the 9th over - 0 run(s), 0 hit(s), 0 error(s), 0 left on base; Montgomery 5 - Wichita 5 |
TOP OF THE 10TH |
Montgomery Biscuits batting - Pitching for Wichita Wranglers : LHP Tommy Campbell
|
Batting: RHB Collin Smith
|
0-0: Called Strike 0-1: Ball 1-1: Called Strike 1-2: Foul Ball, location: 2F 1-2: Strikes out swinging
|
Batting: SHB Andrew Curran
|
0-0: Swinging Strike 0-1: Swinging Strike 0-2: Strikes out looking
|
Batting: RHB Pete Smith
|
0-0: Foul Ball, location: 2F 0-1: Ball Single, Error in OF, E9, batter to second base
|
Batting: RHB Gabriel Miranda
|
0-0: Called Strike 0-1: SINGLE (Line Drive, 8RS) Pete Smith to third Runner from 3rd tries for Home, SAFE, no throw or cutoff
|
Batting: RHB Orlando Sánchez
|
0-0: Ball 1-0: Swinging Strike 1-1: Foul Ball, location: 2F 1-2: Strikes out swinging
|
Top of the 10th over - 1 run(s), 2 hit(s), 1 error(s), 1 left on base; Montgomery 6 - Wichita 5 |
BOTTOM OF THE 10TH |
Wichita Wranglers batting - Pitching for Montgomery Biscuits : RHP Pedro Valdés
|
Pitching: RHP Daniel Rousseau
|
|
Batting: RHB George Clark
|
0-0: Called Strike 0-1: Ball 1-1: Foul Ball, location: 2F 1-2: Foul Ball, location: 2F 1-2: Ball 2-2: DOUBLE (Flyball, 8LXD)
|
Batting: RHB Luis Sánchez
|
0-0: Called Strike 0-1: Called Strike 0-2: Ball 1-2: Foul Ball, location: 2F 1-2: Ball 2-2: Strikes out swinging
|
Batting: RHB Jesús Ibarra
|
0-0: Foul Ball, location: 2F 0-1: Ground out 4-3 (Groundball, 4) George Clark to third
|
Batting: RHB Don Thomas
|
0-0: Fly out, F8 (Flyball, 8RS)
|
Bottom of the 10th over - 0 run(s), 1 hit(s), 0 error(s), 1 left on base; Montgomery 6 - Wichita 5 |
|
|